 Dungeon Crawl Stone Soup version 0.22-a0-161-g198051c (webtiles) character file.

0 wolfsongas the Insei (level 1, 0/13 HPs)
             Began as an Octopode Transmuter on Feb 10, 2018.
             Slain by a bat (1 damage)
             ... on level 1 of the Dungeon.
             The game lasted 00:00:36 (51 turns).

wolfsongas the Insei (Octopode Transmuter)            Turns: 51, Time: 00:00:37

Health: 0/13       AC:  1    Str:  9    XL:     1   Next: 10%
Magic:  3/3        EV: 13    Int: 15    God:
Gold:   0          SH:  0    Dex: 12    Spells: 3/4 levels left

rFire    . . .     SeeInvis .     - Unarmed
rCold    . . .     Gourm    .   (no shield)
rNeg     . . .     Faith    .   (helmet restricted)
rPois    .         Spirit   .   (no amulet)
rElec    .         Reflect  .   (no ring)
rCorr    .         Harm     .   (no ring)
MR       .....                  (no ring)
Stlth    ++........             (no ring)
HPRegen  0.04/turn              (no ring)
MPRegen  0.08/turn              (no ring)
                                (no ring)
                                (no ring)

@: no status effects
A: almost no armour, stealthy swim, amphibious, 8 rings, constrict 8, camouflage
1, gelatinous body 1
a: no special abilities


You were on level 1 of the Dungeon.
You were not hungry.

You visited 1 branch of the dungeon, and saw 1 of its levels.

Inventory:

Missiles
 a - 12 arrows
Books
 b - a book of Changes

   Spells                             Type                      Level
   a - Beastly Appendage              Transmutation                1
   b - Sticks to Snakes               Transmutation                2
   c - Spider Form                    Transmutation/Poison         3
   d - Ice Form                       Ice/Transmutation            4
   e - Blade Hands                    Transmutation                5
Comestibles
 c - a ration


   Skills:
 + Level 1.0 Fighting
 - Level 2.0 Dodging
 * Level 3.0 Unarmed Combat
 - Level 2.0 Spellcasting
 - Level 2.0 Transmutations


You had 3 spell levels left.
You knew the following spells:

 Your Spells              Type           Power        Failure   Level  Hunger
a - Beastly Appendage     Tmut           #.....       10%         1    #......


Dungeon Overview and Level Annotations

Branches:
Dungeon (1/15)

Altars:


Innate Abilities, Weirdness & Mutations

You cannot wear most types of armour.
You are very stealthy in the water. (Stealth+)
You are amphibious.
You can wear up to eight rings at the same time.
You can use your tentacles to constrict eight enemies at once.
Your skin changes colour to match your surroundings (Stealth+).
Your rubbery body absorbs attacks. (AC +1, EV +1)


Message History

You are too injured to fight recklessly!
You are too injured to fight recklessly!
You are too injured to fight recklessly!
You are too injured to fight recklessly!
You are too injured to fight recklessly!
You are too injured to fight recklessly!
You are too injured to fight recklessly!
You are too injured to fight recklessly!
You are too injured to fight recklessly!
You are too injured to fight recklessly!
You are too injured to fight recklessly!
You are too injured to fight recklessly!
You closely miss the bat. Your grab misses the bat.
The bat is severely wounded.
The bat hits you.
* * * LOW HITPOINT WARNING * * *
The bat barely misses you. The kobold hits you.
* * * LOW HITPOINT WARNING * * *
The bat hits you.
You die...

##...s##.# ###....#.#.#
.......... #....#..#
#....#.# #......######
#..Kb(......
##.#(.######
#.#@################
#†#b#m#p#K#V#a#x#o#9
#####.##################
#.......'........)......
#.###.##################
#.# #p#f#N#O#Q#i#p#e #..
################ #$. #..


You could see 2 bats and a kobold.

Vanquished Creatures
  A frilled lizard (D:1)
1 creature vanquished.

Notes
Turn   | Place    | Note
-------+----------+-------------------------------------------
     0 | D:1      | wolfsongas the Octopode Transmuter began the quest for the Orb.
     0 | D:1      | Reached XP level 1. HP: 13/13 MP: 3/3
     2 | D:1      | Noticed a minotaur
     4 | D:1      | Noticed a felid
     4 | D:1      | Noticed a draconian
     6 | D:1      | Noticed a centaur
     6 | D:1      | Noticed a troll
     8 | D:1      | Noticed a ghoul
     8 | D:1      | Noticed a dwarf
    10 | D:1      | Noticed a demonspawn
    12 | D:1      | Noticed a gargoyle
    12 | D:1      | Noticed an elf
    14 | D:1      | Noticed a human
    16 | D:1      | Noticed an octopode
    16 | D:1      | Noticed a spriggan
    18 | D:1      | Noticed a formicid
    18 | D:1      | Noticed a tengu
    20 | D:1      | Noticed a vampire
    20 | D:1      | Noticed an ogre
    22 | D:1      | Noticed a naga
    24 | D:1      | Noticed a halfling
    24 | D:1      | Noticed a vine stalker
    26 | D:1      | Noticed a merfolk
    26 | D:1      | Noticed a demigod
    51 | D:1      | Slain by a bat

Vault maps used:
D:1:      kb_arrival_jail, minivault_19

Action                   || total
-------------------------++-------
Melee: Unarmed           ||    11
       Constrict         ||     1
       Tentacles         ||     1
Armor: Skin              ||     2
Dodge: Dodged            ||    24

Table legend:
 A = Spawn XP
 B = Non-spawn XP
 C = Spawn XP percentage of total XP
 D = Spawn monster count
 E = Non-spawn monster count
 F = Spawn count percentage of total count
 G = Total turns spent on level
                    A         B        C        D         E        F      G
               +---------+---------+-------+---------+---------+-------+---------
         Total |       0 |       1 |   0.0 |       0 |       1 |   0.0 |    51
               +---------+---------+-------+---------+---------+-------+---------
           D:1 |       0 |       1 |   0.0 |       0 |       1 |   0.0 |    51
               +---------+---------+-------+---------+---------+-------+---------
